 Dungeon Crawl Stone Soup version 0.24-a0-445-gd5110b030a (webtiles) character file.

Game seed: 10230525833539525674

240116 Gargoyl the Corrupter of Planes (level 19, -3/156 HPs)
             Began as a Centaur Abyssal Knight on June 22, 2019.
             Was the Champion of Lugonu.
             Slain by a hell hound (5 damage)
             ... on level 1 of the Abyss.
             The game lasted 01:32:13 (56321 turns).

Gargoyl the Corrupter of Planes (CeAK)             Turns: 56321, Time: 01:32:13

Health: -3/156     AC: 49    Str: 23    XL:     19   Next: 4%
Magic:  30/30      EV:  5    Int: 19    God:    Lugonu [******]
Gold:   3347       SH: 18    Dex: 17    Spells: 18/18 levels left

rFire    . . .     SeeInvis +   r - +7 hand axe (freeze)
rCold    . . .     Gourm    .   o - +4 shield
rNeg     + . .     Faith    .   X - +9 plate armour of Hysteria {Str+3}
rPois    +         Spirit   .   t - +2 helmet
rElec    .         Reflect  .   W - +2 cloak "Eppeodil" {Int+7 SInv}
rCorr    .         Harm     .   Y - +2 pair of gloves
MR       +++..     Clarity  +   I - +10 Black Knight's horse barding {ponderous, rPois rN+}
Stlth    ..........             i - amulet of the acrobat
HPRegen  0.36/turn              k - ring of the Mage {Wiz MR++ Int+3}
MPRegen  0.22/turn              y - +5 ring of dexterity

@: flying, studying Bows, quick
A: large, hooves 3, clarity, deformed body, dopey 1, speed 2, sense surroundings
1, tough skin 3
}: 1/15 runes: gossamer
a: Depart the Abyss, Bend Space, Banish, Corrupt, Enter the Abyss, Brand Weapon
With Distortion, Renounce Religion


You were on level 1 of the Abyss.
You worshipped Lugonu.
Lugonu was exalted by your worship.
You were not hungry.

You visited 5 branches of the dungeon, and saw 31 of its levels.
You visited the Abyss 2 times.
You also visited: Gauntlet and Ice Cave.

You collected 3788 gold pieces.
You spent 441 gold pieces at shops.

Inventory:

Hand Weapons
 r - a +7 hand axe of freezing (weapon)
 B - a +1 hand axe of flaming
 G - a +2 broad axe of freezing
 P - the +9 spear "Orulutom" {flame, rN+}
   (You found it on level 3 of the Lair of Beasts)

   It has been specially enchanted to burn those struck by it, causing extra
   injury to most foes and up to half again as much damage against particularly
   susceptible opponents.
   It protects you from negative energy.
Missiles
 d - 23 silver javelins
 z - 13 javelins (quivered)
Armour
 o - a +4 shield (worn)
 t - a +2 helmet (worn)
 I - the +10 Black Knight's horse barding (worn) {ponderous, rPois rN+}
   (You acquired it on level 2 of the Lair of Beasts)

   It protects you from poison.
   It protects you from negative energy.
 W - the +2 cloak "Eppeodil" (worn) {Int+7 SInv}
   (You found it on level 6 of the Lair of Beasts)

   It affects your intelligence (+7).
   It lets you see invisible.
 X - the +9 plate armour of Hysteria (worn) {Str+3}
   (You found it on level 6 of the Lair of Beasts)

   It affects your strength (+3).
 Y - a +2 pair of gloves (worn)
Jewellery
 a - an uncursed ring of protection from magic
 e - an uncursed ring of resist corrosion
 f - a +2 ring of strength
 i - an amulet of the acrobat (around neck)
 j - an uncursed ring of protection from fire
 k - the ring of the Mage (left hand) {Wiz MR++ Int+3}
   (You found it on level 2 of the Spider Nest)

   [ring of wizardry]

   It improves your spell success rate.
   It affects your intelligence (+3).
   It affects your resistance to hostile enchantments.
 l - a +5 ring of protection
 y - a +5 ring of dexterity (right hand)
 A - an uncursed ring of flight
 H - a +2 ring of slaying {unknown}
 Q - an uncursed ring of protection from cold
Wands
 v - a wand of clouds (7)
 D - a wand of digging (12)
 E - a wand of flame (15)
 J - a wand of scattershot (4)
Scrolls
 b - 16 scrolls of teleportation
 w - 5 scrolls of blinking
 x - 17 scrolls of remove curse
 C - 2 scrolls of fear
 K - a scroll of fog
 N - 5 scrolls of identify
 U - 2 scrolls of magic mapping
Potions
 g - 7 potions of brilliance
 h - a potion of invisibility
 m - 9 potions of flight
 n - 2 potions of magic
 q - 6 potions of curing
 s - 6 potions of haste
 u - 4 potions of agility
 F - 10 potions of ambrosia
 R - a potion of might
 V - 5 potions of resistance
Books
 p - a manual of Bows
Comestibles
 c - 40 rations


   Skills:
 + Level 10.8 Fighting
   Level 6.4 Short Blades
 + Level 12.4(13.5) Axes
 + Level 9.5(12.2) Polearms
 + Level 1.0 Throwing
 * Level 12.2 Armour
 + Level 3.7 Dodging
 * Level 14.5 Shields
 * Level 15.1 Invocations
 + Level 2.2 Evocations


You had 18 spell levels left.
You didn't know any spells.
Your spell library contained the following spells:

 Spells                   Type           Power        Failure   Level  Hunger
 Apportation              Tloc           #.....       61%         1    ##.....
 Flame Tongue             Conj/Fire      #....        61%         1    ##.....
 Shock                    Conj/Air       #...         61%         1    ##.....
 Summon Butterflies       Summ           #.......     61%         1    ##.....
 Summon Small Mammal      Summ           #...         61%         1    ##.....
 Blink                    Tloc           N/A          75%         2    ###....
 Shroud of Golubria       Chrm/Tloc      #.....       75%         2    ###....
 Throw Flame              Conj/Fire      #.....       75%         2    ###....
 Conjure Flame            Conj/Fire      #.......     91%         3    ####...
 Gell's Gravitas          Tloc           #.........   91%         3    ####...
 Ignite Poison            Fire/Tmut/Pois #.......     91%         3    ####...
 Inner Flame              Hex/Fire       #.......     91%         3    ####...
 Lesser Beckoning         Tloc           #.........   91%         3    ####...
 Summon Guardian Golem    Hex/Summ       #.......     91%         3    ####...
 Teleport Other           Tloc           #.......     91%         3    ####...
 Tukima's Dance           Hex            #.......     91%         3    ####...
 Cause Fear               Hex            #.........   100%        4    #####..
 Iskenderun's Mystic Bla  Conj           #.......     100%        4    #####..
 Passage of Golubria      Tloc           N/A          100%        4    #####..
 Sticky Flame             Conj/Fire      #.......     100%        4    #####..
 Alistair's Intoxication  Tmut/Pois      #.......     100%        5    ######.
 Aura of Abjuration       Summ           #.........   100%        5    ######.
 Bolt of Magma            Conj/Fire/Erth #.........   100%        5    ######.
 Fireball                 Conj/Fire      #.........   100%        5    ######.
 Silence                  Hex/Air        #.........   100%        5    ######.
 Yara's Violent Unravell  Hex/Tmut       #.........   100%        5    ######.
 Deflect Missiles         Chrm/Air       #.........   100%        6    #######
 Invisibility             Hex            #.......     100%        6    #######
 Orb of Destruction       Conj           #.........   100%        7    #######
 Spellforged Servitor     Conj/Summ      #.........   100%        7    #######
 Discord                  Hex            #.........   100%        8    #######


Dungeon Overview and Level Annotations

Branches:
Dungeon (15/15)            Temple (0/1) D:7            Lair (6/6) D:10
  Swamp (0/4) Lair:2       Spider (4/4) Lair:4        Slime (0/5) Lair:6
    Orc (2/2) D:9             Elf (0/3) Orc:2        Vaults (4/5) D:13
  Crypt (0/3) Vaults:3     Depths (0/5) D:15

Altars:
Fedhas
Gozag
Nemelex Xobeh
Trog
Uskayaw
Vehumet
Yredelemnul
The Shining One
Beogh
Jiyva

Shops:
D:4 }   D:8 !   D:11 *   D:13 [   Orc:2 }:(!   Vaults:1 *

Annotations:
Lair:2 exclusion: oklob plant
Lair:4 exclusion: 3 oklob plants


Innate Abilities, Weirdness & Mutations

You have hooves in place of feet.
Armour fits poorly on your strangely shaped body.
You cover ground very quickly.
You have extremely tough skin. (AC +3)
You possess an exceptional clarity of mind.
You are dopey. (Int -2)
You passively map a small area around you.


Message History

You hit the hell hound. You freeze the hell hound.
You block the hell hound's attack. The hell hound barely misses you.
Unknown command.
You slash the hell hound! You freeze the hell hound.
You kill the hell hound!
You hit the hell hound but do no damage.
The hell hound breathes flames at you. The blast of flame hits you.
Unknown command.
The hell hound breathes flames at you. The blast of flame misses you.
The lich casts a spell at you.
The bolt of lightning hits the hell hound!!
The bolt of lightning hits you!!! x2
* * * LOW HITPOINT WARNING * * *
You block the hell hound's attack.
Unknown command.
You feel very buoyant.
You fly up into the air.
The hell hound bites you.
You die...

#. # . ## x
###.# # ##@#
..# # . #h##
#...L#
#....h#
.........
......._.
...........
..#.....#. .
.###...###..


You could see a lich and 2 hell hounds.

Vanquished Creatures
  Asterion (Spider:3)
  A storm dragon (Vaults:2)
  A fire giant (Vaults:3)
  8 vault wardens
  4 ghost moths
  2 frost giants
  4 emperor scorpions
  Aizul (Vaults:1)
  4 ironheart preservers
  A ghoul (Vaults:1)
  5 stone giants
  A war gargoyle (Vaults:3)
  An entropy weaver (Vaults:4)
  A vampire knight (Vaults:3)
  5 dire elephants
  A deep elf annihilator (Vaults:1)
  A minotaur (Gauntlet)
  A spark wasp (Spider:4)
  3 ettins
  2 fire dragons
  7 yaktaur captains
  9 ogre magi
  14 vault guards
  2 hydras
  2 great orbs of eyes (Vaults:3)
  A rakshasa (Vaults:1)
  3 ice dragons
  6 centaur warriors
  2 catoblepae
  2 anacondas
  2 death knights
  31 two-headed ogres
  5 death yaks
  Urug (D:11)
  3 skeletal warriors (Vaults:2)
  Nergalle (Lair:4)
  2 glowing orange brains
  A deep troll (Vaults:4)
  2 unseen horrors
  A phantasmal warrior (Vaults:4)
  A deep elf archer (D:13)
  A tengu zombie (Vaults:3)
  2 wizards
  Pikel (D:6)
  A harpy (shapeshifter) (Vaults:4)
  8 ironbrand convokers
  16 orb spiders
  13 orc knights
  2 necromancers
  27 ugly things
  2 orc sorcerers
  32 wolf spiders
  2 deep elf magi
  5 cyclopes
  A manticore (D:15)
  2 moths of wrath
  3 centaur zombies
  A stone giant skeleton (Vaults:2)
  A fire giant skeleton (Vaults:2)
  9 elephants
  4 black mambas
  12 vault sentinels
  An ice statue (IceCv)
  4 centaur skeletons
  Psyche (D:9)
  12 spiny frogs
  32 yaktaurs
  3 rime drakes
  A human zombie (Vaults:3)
  4 freezing wraiths
  A kobold demonologist (D:14)
  5 komodo dragons
  9 demonic crawlers
  2 ice devils (D:12)
  2 trolls (shapeshifter)
  3 trolls
  7 hornets
  A jumping spider (shapeshifter) (Vaults:1)
  15 polar bears (IceCv)
  36 jumping spiders
  2 wolf spider simulacra (Lair:5)
  Prince Ribbit (D:9)
  Grinder (D:6)
  17 slime creatures
  17 blink frogs
  2 raiju (Gauntlet)
  A stone giant simulacrum (Vaults:3)
  21 dream sheep
  A small abomination (Abyss:2)
  11 hippogriffs
  A hippogriff (shapeshifter) (Vaults:1)
  A human simulacrum (Vaults:3)
  A spriggan (shapeshifter) (Vaults:3)
  26 tarantellas
  A shadow (D:13)
  4 vampires
  56 redbacks
  3 wraiths
  A dire elephant simulacrum (Lair:5)
  3 wyverns
  A fire elemental (Lair:6)
  4 hogs (D:6)
  8 humans
  45 yaks
  2 basilisks
  3 hungry ghosts
  A golden eye (shapeshifter) (Vaults:3)
  2 steam dragons
  A yaktaur simulacrum (Vaults:2)
  3 basilisks (shapeshifter) (Vaults:1)
  2 insubstantial wisps (D:11)
  8 vampire mosquitoes
  2 acid dragons
  A soldier ant (shapeshifter) (D:13)
  Duvessa (D:6)
  19 wargs
  A hydra simulacrum (Lair:5)
  A hell hound (Abyss:1)
  10 porcupines
  A swamp drake (D:9)
  20 water moccasins
  5 phantoms
  3 ice beasts
  A slave (D:6)
  42 orc warriors
  5 sky beasts
  2 black bears (D:11)
  An eye of draining (shapeshifter) (Vaults:2)
  A necrophage (D:13)
  A hornet zombie (D:11)
  An elf zombie (Vaults:3)
  25 ogres
  17 wolves
  3 boggarts (Vaults:1)
  The ghost of HAL9000 the Ruffian, an amateur DrTm (D:5)
  17 centaurs
  15 crocodiles
  4 big kobolds
  A wyvern zombie (D:12)
  14 bullfrogs
  A wyvern skeleton (D:7)
  Dowan (D:6)
  A scorpion (D:6)
  9 killer bees
  9 wights
  3 electric eels
  A howler monkey (D:10)
  6 crimson imps
  2 bullfrog zombies
  8 hounds
  A wyvern simulacrum (Lair:5)
  4 bullfrog skeletons
  10 orc priests
  3 jellies
  8 orc wizards
  3 iguanas
  A lightning spire (Gauntlet)
  8 worker ants
  A polar bear simulacrum (Lair:5)
  A wolf simulacrum (Lair:5)
  4 hound zombies
  Robin (D:4)
  A worker ant zombie (D:11)
  12 adders
  4 gnolls
  A river rat (D:4)
  4 shadow imps
  2 oozes
  An adder zombie (D:7)
  3 adder skeletons
  2 worms (D:2)
  9 leopard geckos
  81 orcs
  A ball python (D:4)
  7 bats
  8 giant cockroaches
  2 gnoll zombies (D:3)
  15 goblins
  16 hobgoblins
  7 jackals
  28 kobolds
  2 quokkas
  A ball python skeleton (D:4)
  3 frilled lizards
  2 jackal skeletons
  A leopard gecko zombie (D:8)
  A rat (D:2)
  4 fungi
  5 plants (Lair:6)
1205 creatures vanquished.

Vanquished Creatures (others)
  A vault warden (Vaults:2)
  A hydra (Lair:4)
  An orb spider (Spider:2)
  A cyclops (Vaults:2)
  A molten gargoyle (Lair:6)
  A jumping spider (Spider:2)
  3 meliai (Gauntlet)
  A redback (Spider:4)
  A slave (D:6)
  A yak (Lair:6)
  A human (D:13)
  A centaur (D:6)
  2 killer bees (D:11)
  A worker ant (D:6)
  3 fungi
  5 plants (Lair:6)
25 creatures vanquished.

Grand Total: 1230 creatures vanquished

Notes
Turn   | Place    | Note
-------+----------+-------------------------------------------
     0 | Abyss:1  | Gargoyl the Centaur Abyssal Knight began the quest for the
                  | Orb.
     0 | Abyss:1  | Reached XP level 1. HP: 19/19 MP: 2/2
     1 | Abyss:1  | Found a corrupted altar of Lugonu.
    25 | Abyss:1  | Noticed a seven-headed hydra zombie
    65 | Abyss:2  | Gained mutation: Scrolls take you a little longer to read.
                  | [potion of mutation]
    65 | Abyss:2  | Gained mutation: You have a pair of small horns on your
                  | head. [potion of mutation]
   113 | Abyss:2  | Noticed a small abomination
   119 | Abyss:2  | Killed a small abomination
   119 | Abyss:2  | Reached skill level 5 in Fighting
   119 | Abyss:2  | Reached XP level 2. HP: 29/29 MP: 4/4
   120 | Abyss:2  | Reached XP level 3. HP: 36/36 MP: 5/5
   120 | Abyss:2  | Reached XP level 4. HP: 42/42 MP: 6/6
   120 | Abyss:2  | Reached XP level 5. HP: 48/48 MP: 7/7
   147 | Abyss:2  | Noticed a large abomination
   149 | Abyss:2  | Noticed a tentacled starspawn
   165 | Abyss:2  | Found a burning altar of Makhleb.
   167 | Abyss:2  | Noticed a thrashing horror
   170 | D:1      | Escaped the Abyss
   224 | D:1      | Reached * piety under Lugonu
  1025 | D:2      | Found a faded altar of an unknown god.
  1504 | D:2      | Reached skill level 3 in Invocations
  1575 | D:2      | Reached XP level 6. HP: 53/56 MP: 8/8
  1966 | D:3      | Reached ** piety under Lugonu
  2030 | D:3      | Lost mutation: You have a pair of small horns on your head.
                  | [potion of mutation]
  2030 | D:3      | Lost mutation: Scrolls take you a little longer to read.
                  | [potion of mutation]
  2030 | D:3      | Gained mutation: You are partially covered in slimy green
                  | scales. (AC +2) [potion of mutation]
  2030 | D:3      | Gained mutation: Your spells are a little harder to cast,
                  | but a little more powerful. [potion of mutation]
  2050 | D:3      | Reached skill level 1 in Dodging
  2183 | D:3      | Found a basalt altar of Yredelemnul.
  2303 | D:3      | Reached skill level 1 in Shields
  2788 | D:4      | Found a runed translucent door.
  2812 | D:4      | Noticed HAL9000's ghost (amateur DrTm)
  2883 | D:4      | Found a runed translucent door.
  2921 | D:5      | Entered Level 5 of the Dungeon
  2958 | D:6      | Noticed Pikel
  2958 | D:6      | Noticed a slave
  2958 | D:6      | Noticed a slave
  2958 | D:6      | Noticed a slave
  2958 | D:6      | Noticed a slave
  3046 | D:5      | Reached XP level 7. HP: 43/61 MP: 9/9
  3139 | D:5      | Noticed a two-headed ogre
  3573 | D:4      | Reached *** piety under Lugonu
  3576 | D:4      | Noticed Robin
  3596 | D:4      | Killed Robin
  3714 | D:4      | Got a translucent rapier
  3728 | D:4      | Identified the +6 rapier "Ahih" {pierce, rC+} (You found it
                  | on level 4 of the Dungeon)
  3749 | D:4      | Found Ujeiklum's Gadget Emporium.
  3810 | D:4      | Found a glowing golden altar of the Shining One.
  3893 | D:5      | Found a bloodstained altar of Trog.
  3996 | D:5      | Killed a two-headed ogre
  3996 | D:5      | Reached skill level 1 in Short Blades
  3996 | D:5      | Reached skill level 4 in Invocations
  3996 | D:5      | Reached skill level 1 in Evocations
  3996 | D:5      | Reached XP level 8. HP: 69/69 MP: 9/11
  4088 | D:5      | Killed HAL9000's ghost
  4236 | D:5      | Reached skill level 5 in Invocations
  4940 | D:6      | Killed Pikel
  4940 | D:6      | Reached XP level 9. HP: 64/75 MP: 11/13
  5300 | D:6      | Noticed Dowan
  5300 | D:6      | Noticed Duvessa
  5317 | D:6      | Killed Duvessa
  5320 | D:6      | Killed Dowan
  5489 | D:6      | Noticed Grinder
  5496 | D:6      | Paralysed by Grinder for 5 turns
  5503 | D:6      | Killed Grinder
  5764 | D:7      | Reached skill level 5 in Armour
  5781 | D:7      | Found a hide-covered altar of Uskayaw.
  5784 | D:7      | Noticed a +0 hand axe
  5785 | D:7      | Noticed a +0 dagger
  5811 | D:7      | Got a dazzling scale mail
  5905 | D:7      | Identified the +3 scale mail of the Pits of Slime {+Fly
                  | rPois} (You found it on level 7 of the Dungeon)
  5950 | D:7      | Found a staircase to the Ecumenical Temple.
  5979 | D:7      | Reached **** piety under Lugonu
  5982 | D:7      | Reached skill level 6 in Invocations
  6111 | D:7      | Reached skill level 5 in Axes
  6639 | D:7      | Found an opulent altar of Gozag.
  6675 | D:7      | Found a blossoming altar of Fedhas.
  6828 | D:6      | Reached XP level 10. HP: 60/83 MP: 14/14
  7291 | D:8      | Found Zeke's Distillery.
  7386 | D:8      | Found a sparkling altar of Nemelex Xobeh.
  8051 | D:9      | Noticed Prince Ribbit
  8065 | D:9      | Killed Prince Ribbit
  8065 | D:9      | Reached skill level 5 in Short Blades
  8081 | D:9      | Reached skill level 5 in Shields
  8154 | D:9      | Found a sparkling altar of Nemelex Xobeh.
  8266 | D:9      | Reached skill level 7 in Invocations
  8349 | D:9      | Found a staircase to the Orcish Mines.
  8352 | D:9      | Reached ***** piety under Lugonu
  8492 | D:9      | Noticed Psyche
  8492 | D:9      | Noticed a two-headed ogre
  8537 | D:8      | Killed a two-headed ogre
  8851 | D:9      | Killed Psyche
  9024 | D:9      | Noticed a two-headed ogre
  9033 | D:9      | Killed a two-headed ogre
  9033 | D:9      | Reached XP level 11. HP: 68/91 MP: 16/16
  9679 | D:10     | Entered Level 10 of the Dungeon
  9917 | D:10     | Found a staircase to the Lair.
 10118 | D:10     | Killed an unseen horror
 10711 | Lair:1   | Entered Level 1 of the Lair of Beasts
 11184 | Lair:1   | Reached skill level 8 in Invocations
 12707 | Lair:2   | Identified a scroll of acquirement
 12708 | Lair:2   | Found the +10 Black Knight's horse barding {ponderous,
                  | rPois rN+}
 13486 | Lair:2   | Reached XP level 12. HP: 85/100 MP: 18/18
 13613 | Lair:2   | Found a staircase to the Swamp.
 13678 | Lair:2   | Got a faintly glowing plate armour
 13788 | Lair:2   | Identified the +9 plate armour of Xoabbaw {rF+ rC- MP+9
                  | SInv Stlth+} (You found it on level 2 of the Lair of
                  | Beasts)
 14629 | Lair:3   | Found a gate leading to a gauntlet.
 14640 | Gauntlet | Entered a Gauntlet
 14640 | Gauntlet | Found a transporter.
 14647 | Gauntlet | Found a transporter.
 14658 | Gauntlet | Found a transporter.
 14660 | Gauntlet | Got a slimy helmet
 14780 | Gauntlet | Identified the +1 helmet of Articulation {rF+ rN+ Str+7
                  | Dex-5} (You found it in a Gauntlet)
 14862 | Gauntlet | Found a transporter.
 14866 | Gauntlet | Got a scintillating silver amulet
 14869 | Gauntlet | Identified the amulet "Xill" {RegenMP +Blink Dex-3 SInv}
                  | (You found it in a Gauntlet)
 15044 | Gauntlet | Reached skill level 9 in Invocations
 15157 | Gauntlet | Noticed a minotaur
 15170 | Gauntlet | Killed a minotaur
 15192 | Gauntlet | Got a smoking ring mail
 15246 | Lair:3   | Identified the cursed +0 ring mail "Qubukalo" {Regen+ SInv}
                  | (You found it in a Gauntlet)
 15778 | Lair:3   | Got a crude spear
 15966 | Lair:3   | Got an ancient shortbow
 15967 | Lair:3   | Identified the +9 spear "Orulutom" {flame, rN+} (You found
                  | it on level 3 of the Lair of Beasts)
 16238 | Lair:4   | Noticed an eight-headed hydra
 16540 | Lair:4   | Banished an eight-headed hydra
 16546 | Lair:4   | Reached skill level 10 in Invocations
 16951 | Lair:4   | Noticed Nergalle
 16969 | Lair:4   | Killed Nergalle
 16994 | Lair:4   | Found a hole to the Spider Nest.
 17269 | Lair:4   | Reached skill level 1 in Polearms
 17435 | Lair:4   | Noticed an anaconda
 17459 | Lair:4   | Killed an anaconda
 17459 | Lair:4   | Reached XP level 13. HP: 44/105 MP: 20/20
 18253 | Lair:5   | Found a transporter.
 18698 | Lair:5   | Identified the cursed +1 shortbow "Duemoah" {flame, Str-2
                  | Int+5 Dex+6} (You found it on level 3 of the Lair of
                  | Beasts)
 18926 | Lair:5   | Found a transporter.
 19260 | Lair:6   | Entered Level 6 of the Lair of Beasts
 19739 | Lair:6   | Found a viscous altar of Jiyva.
 19739 | Lair:6   | Found a staircase to the Slime Pits.
 20435 | Lair:6   | Reached skill level 11 in Invocations
 21288 | Lair:6   | Got a polished cloak
 21299 | Lair:6   | Identified the +2 cloak "Eppeodil" {Int+7 SInv} (You found
                  | it on level 6 of the Lair of Beasts)
 21429 | Lair:6   | Noticed a dire elephant
 21461 | Lair:6   | Killed a dire elephant
 21742 | Lair:6   | Noticed a dire elephant
 21742 | Lair:6   | Noticed a dire elephant
 22347 | Lair:5   | Identified the Disquisition on the Escort and Ignition
 22436 | Lair:6   | Killed a dire elephant
 22696 | Lair:6   | Noticed a dire elephant
 22749 | Lair:5   | Killed a dire elephant
 22749 | Lair:5   | Reached XP level 14. HP: 80/115 MP: 22/22
 23196 | Lair:6   | Got a steaming plate armour
 23213 | Lair:6   | Identified the +9 plate armour of Hysteria {Str+3} (You
                  | found it on level 6 of the Lair of Beasts)
 23914 | D:11     | Noticed Urug
 23935 | D:11     | Killed Urug
 24256 | D:11     | Found Ohuuh's Demolitions Depot.
 25093 | D:12     | Found a frozen archway.
 25148 | IceCv    | Entered an ice cave
 25256 | IceCv    | Got an ancient ring mail
 25257 | IceCv    | Identified the +2 ring mail of Vehumet's Castigation
                  | {*Corrode MR++ Dex+5} (You found it in an ice cave)
 25652 | IceCv    | Reached skill level 5 in Polearms
 26007 | IceCv    | Noticed a frost giant
 26050 | IceCv    | Killed a frost giant
 26068 | IceCv    | Reached ****** piety under Lugonu
 27019 | D:13     | Reached skill level 10 in Shields
 27386 | D:13     | Found Punet's Armour Emporium.
 27390 | D:13     | Bought a +1 pair of gloves for 161 gold pieces
 27776 | D:13     | Found a gate to the Vaults.
 27851 | D:13     | Reached skill level 12 in Invocations
 27966 | D:13     | Lost mutation: Your spells are a little harder to cast, but
                  | a little more powerful. [potion of mutation]
 27966 | D:13     | Lost mutation: You are partially covered in slimy green
                  | scales. (AC +2) [potion of mutation]
 27966 | D:13     | Gained mutation: You are somewhat resistant to further
                  | mutation. [potion of mutation]
 27966 | D:13     | Gained mutation: Your mind is acute. (Int +2) [potion of
                  | mutation]
 27966 | D:13     | Gained mutation: Your system is resistant to poisons.
                  | (rPois) [potion of mutation]
 27967 | D:13     | Lost mutation: Your mind is acute. (Int +2) [potion of
                  | mutation]
 27967 | D:13     | Lost mutation: Your system is resistant to poisons. (rPois)
                  | [potion of mutation]
 27967 | D:13     | Gained mutation: You are resistant to hostile enchantments.
                  | (MR+) [potion of mutation]
 27967 | D:13     | Gained mutation: You are dopey. (Int -2) [potion of
                  | mutation]
 27968 | D:13     | Lost mutation: You are somewhat resistant to further
                  | mutation. [potion of mutation]
 27968 | D:13     | Lost mutation: You are dopey. (Int -2) [potion of mutation]
 27968 | D:13     | Lost mutation: You are resistant to hostile enchantments.
                  | (MR+) [potion of mutation]
 27968 | D:13     | Gained mutation: You passively map a small area around you.
                  | [potion of mutation]
 27968 | D:13     | Gained mutation: You possess an exceptional clarity of
                  | mind. [potion of mutation]
 28797 | D:14     | Reached XP level 15. HP: 122/123 MP: 24/24
 29464 | D:15     | Entered Level 15 of the Dungeon
 29892 | D:15     | Got a translucent lead ring
 30768 | D:15     | Found a staircase to the Depths.
 31045 | Orc:1    | Entered Level 1 of the Orcish Mines
 31134 | Orc:1    | Reached skill level 10 in Armour
 31418 | Orc:1    | Found a roughly hewn altar of Beogh.
 31942 | Orc:2    | Entered Level 2 of the Orcish Mines
 32441 | Orc:2    | Found a roughly hewn altar of Beogh.
 32652 | Orc:2    | Found a staircase to the Elven Halls.
 32720 | Orc:2    | Found Tataxt's Distillery.
 32983 | Orc:2    | Found Obawkaebo's Antique Weapon Shop.
 33125 | Orc:2    | Found a roughly hewn altar of Beogh.
 33405 | Orc:2    | Found Xaujafa's Book Shoppe.
 33579 | Orc:2    | Found Kiedgh's Gadget Shop.
 34653 | Spider:1 | Entered Level 1 of the Spider Nest
 35406 | Spider:1 | Identified the ring "Eraxzuce" {+Inv rF- MR+ Int+6} (You
                  | found it on level 15 of the Dungeon)
 35630 | Spider:1 | Got an ichor-stained ring mail
 35672 | Spider:1 | Identified the +2 ring mail of Pihoegh {MR+ Regen+} (You
                  | found it on level 1 of the Spider Nest)
 36383 | Spider:2 | Found the ring of the Mage {Wiz MR++ Int+3}
 37035 | Spider:2 | Noticed a ghost moth
 37056 | Spider:2 | Killed a ghost moth
 37056 | Spider:2 | Reached XP level 16. HP: 74/132 MP: 0/25
 37624 | Spider:2 | Reached skill level 13 in Invocations
 38193 | Spider:3 | Got an ancient short sword
 38194 | Spider:3 | Identified the +2 short sword of the Girdle {venom, rC+
                  | MP+9 Dex+2} (You found it on level 3 of the Spider Nest)
 38440 | Spider:3 | Noticed Asterion
 38471 | Spider:3 | Gained mutation: You are dopey. (Int -2) [a cacodemon]
 38481 | Spider:3 | Killed Asterion
 40344 | Spider:4 | Entered Level 4 of the Spider Nest
 40356 | Spider:4 | Reached skill level 10 in Axes
 42783 | Spider:4 | Reached skill level 1 in Throwing
 43410 | Spider:4 | Got a gossamer rune of Zot
 43822 | Vaults:1 | Entered Level 1 of the Vaults
 44023 | Vaults:1 | Reached XP level 17. HP: 84/138 MP: 27/27
 44257 | Vaults:1 | Noticed Aizul
 44476 | Vaults:1 | Killed Aizul
 46068 | Vaults:1 | Found Hiwutoot's Assorted Antiques.
 46074 | Vaults:1 | Bought a scroll of enchant weapon for 247 gold pieces
 46074 | Vaults:1 | Bought a scroll labeled UCOAFI HAEPP for 33 gold pieces
 47073 | Vaults:1 | Identified the Tome of Conjuration
 47679 | Vaults:2 | Reached skill level 14 in Invocations
 48194 | Vaults:2 | Reached skill level 10 in Fighting
 50094 | Vaults:2 | Reached XP level 18. HP: 117/147 MP: 28/28
 53745 | Vaults:3 | Found a staircase to the Crypt.
 54089 | Vaults:4 | Found a radiant altar of Vehumet.
 55770 | Vaults:4 | Reached skill level 15 in Invocations
 56079 | Vaults:4 | Noticed a tentacled monstrosity
 56081 | Vaults:4 | Reached XP level 19. HP: 127/156 MP: 30/30
 56106 | Vaults:4 | Got a slimy helmet
 56112 | Abyss:1  | Identified the +0 helmet of Classification {rPois} (You
                  | found it on level 4 of the Vaults)
 56200 | Abyss:1  | Found a corrupted altar of Lugonu.
 56315 | Abyss:1  | Noticed a lich
 56319 | Abyss:1  | HP: 1/156 [lich/bolt of lightning (51)]
 56321 | Abyss:1  | Slain by a hell hound

Levels and vault maps discovered:
D:1:      lemuel_arrival_cross, layout_basic
D:2:      layout_basic, chequers_ecumenical_altar_simple_redux, first_ration
D:3:      layout_rooms, lemuel_zombie_altar_yredelemnul
D:4:      layout_basic, serial_shops, shop_fountains, ebering_ghost_sewer_f,
          lemuel_statue_altar, uniq_robin
D:5:      layout_basic, basic_altar, kennysheep_potato
D:6:      layout_rooms, uniq_grinder, uniq_duvessa, uniq_pikel
D:7:      layout_cave_pools, dancing_weapons_uskayaw, marbit_many_paths,
          kennysheep_mini_moat, minmay_temple_entry_hall, serial_column_ruins,
          column_ruins_columns_straight, column_ruins_open_tiny,
          column_ruins_grid_1, column_ruins_open_tiny, column_ruins_open_tiny,
          column_ruins_grid_4, nrook_pool_corridor, grunt_livestock
D:8:      layout_basic, serial_shops, shop_fountains, nemelex_dance_club_becter
D:9:      layout_irregular_city, erik_orc_1, dk_noncrumbling_3,
          nemelex_altar_shiori, uniq_psyche, uniq_prince_ribbit1
D:10:     layout_long_grid, lair_entry_dummy
D:11:     layout_cave_pods, nicolae_blasting_shop, dk_noncrumbling_4,
          hangedman_misty_isle, uniq_urug
D:12:     layout_stronghold, portal_ice_cave_demonic_guard
D:13:     layout_roguey, ximxim_vaults_locker_room, serial_shops,
          shop_fountains, nicolae_water_bricks
D:14:     layout_basic, minmay_misc_feat_square, bh_walls_and_bars
D:15:     grunt_enter_depths_hoard, layout_basic, evilmike_butchery
Lair:1:   layout_layer_cave, st_stairs_9, serial_bayou_shore_b,
          grunt_megastairs_4
Lair:2:   layout_small_grid, minmay_swamp_entry_reptiles,
          minmay_lair_oklob_bushes, grunt_megastairs_3
Lair:3:   layout_gridlike, gauntlet_entry_generic
Lair:4:   beast_lair_carwin_large_1, layout_hall_layers,
          nicolae_spider_entry_orb_guardian, nicolae_volcano_entry_hallway,
          minmay_lair_oklob_chamber, uniq_nergalle
Lair:5:   gammafunk_cloud_chamber, layout_regular_city
Lair:6:   due_jungle_book, layout_gridlike, slime_altar_1
Spider:1: layout_spider_delve
Spider:2: layout_spider_delve, einodemon_crawler_minivault
Spider:3: layout_chambers, uniq_asterion
Spider:4: grunt_spider_rune_parallel
Orc:1:    layout_diamond_mine, mines1_david
Orc:2:    st_orc_town, layout_caves, basic_altar, mines5_lemuel
Vaults:1: nicolae_vaults_shelves_hall, v_rooms_3, ontoclasm_vaults_twist,
          hangedman_vaults_snaps, v_misc_3, vaults_room_pools, v_misc_17,
          nicolae_vaults_alarming, vaults_room_corners, v_misc_12,
          vaults_room_octagon, vaults_room_hallway,
          nicolae_vaults_big_angled_halls, v_alt_pattern_4,
          hangedman_vaults_stretched_pinwheel, layout_vaults_maze, serial_shops,
          shop_coins, uniq_aizul
Vaults:2: hangedman_vaults_stretched_pinwheel, grunt_vaults_bifocal,
          v_pattern_1, v_misc_25, vaults_dpeg_ring, nicolae_vaults_little_ls,
          ontoclasm_vaults_chip, layout_vaults_omnigrid
Vaults:3: vaults_dpeg_hooks, minmay_crypt_entry_vampire_xt,
          nicolae_vaults_puzzle_piece, nicolae_vaults_network_square,
          ontoclasm_vaults_shout, v_alt_pattern_4, ontoclasm_vaults_idyll,
          vaults_standard_mumra_x, nicolae_vaults_what_the_h,
          nicolae_vaults_yaktaur_gun_rack, layout_vaults_big_cross
Vaults:4: v_misc_13, v_misc_26, v_misc_27, st_greater_box_1, v_rooms_2,
          v_misc_16, dpeg_vaults_monster_row, nicolae_vaults_little_squares_1,
          ontoclasm_vaults_shuriken, v_alt_pattern_2, vaults_room_semicircle,
          vaults_room_pool, v_misc_3, vaults_dpeg_encased_lava, v_misc_25,
          ontoclasm_vaults_ligature, layout_vaults_omnibox, basic_altar
Abyss:1:  hangedman_abyss_monster_moat

Skill      XL: |  1  2  3  4  5  6  7  8  9 10 11 12 13 14 15 16 17 18 |
---------------+-------------------------------------------------------+-----
Fighting       | 5 6 7 8 9 10 | 10.8
Axes           | 2 3 4 5 6 8 9 10 11 12 | 12.4
Armour         | 2 3 4 5 6 7 8 9 10 11 12 | 12.2
Invocations    | 3 4 5 6 7 8 10 11 12 13 14 15 | 15.1
Dodging        | 1 2 3 |  3.7
Shields        | 1 2 3 4 5 6 7 9 10 11 12 13 14 | 14.5
Short Blades   | 1 3 4 6 |  6.4
Evocations     | 1 2 |  2.2
Polearms       | 1 4 7 8 9 |  9.5
Throwing       | 1 |  1.0

Action                   |  1- 3 |  4- 6 |  7- 9 | 10-12 | 13-15 | 16-18 | 19-21 || total
-------------------------+-------+-------+-------+-------+-------+-------+-------++-------
Melee: Hand axe          |       |   225 |    92 |   396 |   836 |  1414 |    23 ||  2986
       Kick              |       |    47 |    76 |   203 |   863 |  1181 |    10 ||  2380
       Headbutt          |       |    14 |       |       |       |       |       ||    14
       Rapier            |       |       |   192 |   339 |       |       |       ||   531
       Spear             |       |       |       |    80 |  1325 |  1087 |       ||  2492
Throw: Javelin           |       |       |       |       |     7 |     6 |       ||    13
Invok: Depart the Abyss  |       |     1 |       |       |       |       |       ||     1
       Bend Space        |       |     2 |       |       |     2 |       |     2 ||     6
       Banish            |       |       |       |     7 |     4 |     1 |       ||    12
       Enter the Abyss   |       |       |       |       |       |       |     1 ||     1
Evoke: Wand              |     3 |       |    11 |     7 |     1 |       |       ||    22
  Use: Scroll            |     2 |     6 |     6 |    16 |    21 |    11 |     3 ||    65
       Potion            |     2 |     1 |       |     5 |     5 |     6 |     1 ||    20
 Stab: Invisible         |       |       |       |     6 |       |       |       ||     6
  Eat: Chunk             |       |     2 |     6 |    26 |    41 |    19 |       ||    94
       Ration            |       |     1 |     1 |     2 |     6 |    12 |       ||    22
Armor: Scale mail        |       |    93 |    52 |   282 |       |       |       ||   427
       Leather armour    |       |    15 |       |       |       |       |       ||    15
       Chain mail        |       |       |    98 |       |       |       |       ||    98
       Plate armour      |       |       |       |   215 |  1386 |  1438 |    27 ||  3066
Dodge: Dodged            |       |    80 |    95 |   209 |   407 |   431 |    12 ||  1234
Block: Shield            |       |    78 |   183 |   581 |  1648 |  1964 |    40 ||  4494
       Buckler           |       |     6 |       |       |       |       |       ||     6

Table legend:
 A = Non-vault XP
 B = Vault XP
 C = Vault XP percentage of total XP
 D = Non-vault monster count
 E = Vault monster count
 F = Vault count percentage of total count
                 A         B        C        D         E       F
            +---------+---------+-------+---------+---------+-------
      Total |  237710 |  142582 |  37.5 |     832 |     373 |  31.0
            +---------+---------+-------+---------+---------+-------
        D:1 |      50 |       0 |   0.0 |      19 |       0 |   0.0
        D:2 |      90 |       0 |   0.0 |      22 |       0 |   0.0
        D:3 |     172 |       4 |   2.3 |      23 |       2 |   8.0
        D:4 |     155 |      59 |  27.6 |      10 |      16 |  61.5
        D:5 |    1434 |     236 |  14.1 |      14 |       2 |  12.5
        D:6 |     411 |    2080 |  83.5 |       7 |       9 |  56.2
        D:7 |    1388 |      40 |   2.8 |      32 |       1 |   3.0
        D:8 |    1932 |     125 |   6.1 |      22 |       2 |   8.3
        D:9 |    1624 |    1305 |  44.6 |      17 |      19 |  52.8
       D:10 |    3635 |     103 |   2.8 |      43 |       1 |   2.3
       D:11 |    1244 |    1765 |  58.7 |      14 |       7 |  33.3
       D:12 |    1697 |     670 |  28.3 |      12 |       2 |  14.3
       D:13 |   14227 |    8604 |  37.7 |      54 |      15 |  21.7
       D:14 |    7753 |       0 |   0.0 |      23 |       0 |   0.0
       D:15 |   10126 |    2018 |  16.6 |      28 |       2 |   6.7
     Lair:1 |    3163 |     397 |  11.2 |      16 |       1 |   5.9
     Lair:2 |    4054 |     607 |  13.0 |      19 |       4 |  17.4
     Lair:3 |    6030 |       0 |   0.0 |      26 |       0 |   0.0
     Lair:4 |    4190 |    4006 |  48.9 |      17 |      10 |  37.0
     Lair:5 |    9435 |    1035 |   9.9 |      23 |       7 |  23.3
     Lair:6 |   14105 |    2905 |  17.1 |      41 |       5 |  10.9
   Spider:1 |   14929 |       0 |   0.0 |      46 |       0 |   0.0
   Spider:2 |   14647 |    1442 |   9.0 |      38 |       5 |  11.6
   Spider:3 |   10675 |    5389 |  33.5 |      30 |       5 |  14.3
   Spider:4 |   10981 |   18491 |  62.7 |      27 |      43 |  61.4
      Orc:1 |    1811 |       0 |   0.0 |      27 |       0 |   0.0
      Orc:2 |    1762 |   10371 |  85.5 |       9 |      68 |  88.3
   Vaults:1 |   21084 |   16943 |  44.6 |      39 |      21 |  35.0
   Vaults:2 |   41676 |    9021 |  17.8 |      76 |      16 |  17.4
   Vaults:3 |   19615 |   16330 |  45.4 |      34 |      28 |  45.2
   Vaults:4 |   13211 |   23200 |  63.7 |      22 |      27 |  55.1
    Abyss:1 |     151 |       0 |   0.0 |       1 |       0 |   0.0
    Abyss:2 |     253 |       0 |   0.0 |       1 |       0 |   0.0
      IceCv |       0 |   13125 | 100.0 |       0 |      48 | 100.0
   Gauntlet |       0 |    2311 | 100.0 |       0 |       7 | 100.0
            +---------+---------+-------+---------+---------+-------
